 Dungeon Crawl Stone Soup version 0.18-a0-1180-g64ccc1e (webtiles) character file.

135 Lasopy the Ruffian (level 4, -4/45 HPs)
             Began as a Troll Berserker on Jan 27, 2016.
             Was a Follower of Trog.
             Killed from afar by an orc wizard (5 damage)
             ... with a magic dart
             ... on level 4 of the Dungeon.
             The game lasted 00:03:54 (799 turns).

Lasopy the Ruffian (Troll Berserker)                 Turns: 799, Time: 00:03:54

Health: -4/45      AC:  5    Str: 26    XL:     4   Next: 97%
Magic:  3/3        EV: 10    Int:  3    God:    Trog [*.....]
Gold:   17         SH:  0    Dex:  9    Spells: 0 memorised, 3 levels left

rFire  . . .     SeeInvis .       - Unarmed
rCold  . . .     Gourm    +     g - +0 robe (curse)
rNeg   . . .     Faith    .     (no shield)
rPois  .         Spirit   .     (helmet restricted)
rElec  .         Dismiss  .     (no cloak)
rCorr  .         Reflect  .     (gloves unavailable)
SustAt .         Harm     .     (boots unavailable)
MR     .....                    (no amulet)
Stlth  +.........               (no ring)
                                c - ring of flight

@: lethally poisoned (-4 -> -4), exhausted, slowed, very slow, not resistant to
hostile enchantments, very unstealthy
A: unfitting armour, claws 3, fast metabolism 3, gourmand, regeneration 2,
shaggy fur 1, tough skin 2
a: Berserk, Burn Spellbooks, Renounce Religion, Evoke Flight


You were on level 4 of the Dungeon.
You worshipped Trog.
Trog was aware of your devotion.
You were not hungry.

You visited 1 branch of the dungeon, and saw 3 of its levels.

You collected 17 gold pieces.

Inventory:

Armour
 a - a +0 animal skin
 g - a cursed +0 robe (worn)
Jewellery
 c - a ring of flight (left claw)
Scrolls
 d - a scroll of remove curse {unknown}
 e - a scroll of amnesia {unknown}
 i - a scroll of identify {unknown}
Potions
 h - a potion of curing {unknown}
Comestibles
 b - 2 bread rations
 f - a beef jerky


   Skills:
 + Level 3.2 Fighting
 + Level 1.6 Armour
 + Level 3.0 Dodging
 + Level 3.8 Unarmed Combat


You had 3 spell levels left.
You didn't know any spells.

Dungeon Overview and Level Annotations

Branches:
Dungeon (2/15)

Altars:


Innate Abilities, Weirdness & Mutations

You are too large for most types of armour.
You have claws for hands.
Your metabolism is lightning-fast.
You like to eat raw meat.
You heal very quickly.
You are covered in fur (AC +1).
You have very tough skin (AC +2).


Message History

You miss something. Something hits you but does no damage.
The scorpion barely misses you. Something hits you but does no damage.
The scorpion stings you.
You barely miss something. Something hits you. The scorpion stings you.
* * * LOW HITPOINT WARNING * * *
You closely miss something. Something hits you but does no damage.
The scorpion barely misses you. Something hits you but does no damage.
You closely miss something. The scorpion barely misses you.
Something hits you but does no damage. The scorpion stings you.
* * * LOW HITPOINT WARNING * * *
You are poisoned.
The scorpion poisons you!
You scratch something.
You feel sick. Something hits you but does no damage.
The scorpion closely misses you. Something hits you but does no damage.
You closely miss something.
You feel sick. The scorpion stings you.
* * * LOW HITPOINT WARNING * * *
You hear some strange, mumbled words.
A magic dart appears from out of thin air!
The magic dart hits you!
You die...

#. .....
#.#..#.#
##......#
#.P..≈≈.#
#.$≈≈≈≈.#
#..≈≈≈≈.#
#...≈≈≈.#
###{..≈...##
#.@)........#
#s#[.####....
#.#..# #.#
#.#..# #
.....# #.#...
#......
#.#..## ...


You could see a scorpion.

Vanquished Creatures
  A giant frog zombie (D:4)
  A hound (D:4)
  An orc priest (D:4)
  A gnoll (D:1)
  2 oozes (D:1)
  An adder zombie (D:4)
  A giant gecko (D:1)
  An orc (D:4)
  4 goblins
  4 hobgoblins
  A ball python (D:1)
  A bat (D:1)
  A giant newt (D:1)
  A jackal zombie (D:4)
  A kobold (D:1)
  4 rats
26 creatures vanquished.

Notes
Turn   | Place    | Note
--------------------------------------------------------------
     0 | D:1      | Lasopy the Troll Berserker began the quest for the Orb.
     0 | D:1      | Reached XP level 1. HP: 22/22 MP: 0/0
    70 | D:1      | Reached XP level 2. HP: 26/29 MP: 1/1
   511 | D:1      | Reached XP level 3. HP: 33/36 MP: 2/2
   770 | D:2      | You fall through a shaft for 2 floors!
   783 | D:4      | Reached skill level 1 in Armour
   783 | D:4      | Reached XP level 4. HP: 44/44 MP: 3/3
   799 | D:4      | HP: 1/45 [scorpion (3)]
   799 | D:4      | Killed from afar by an orc wizard

Vault maps used:
D:1:      mrwooster_arrival_statue_2
D:2:      hangedman_decor_growths, kennysheep_generic_room_5
D:4:      serial_undead, serial_undead_a, serial_undead_a, serial_undead_c,
          serial_undead_f, serial_undead_f, serial_undead_a, serial_undead_f,
          nicolae_ossuary_entry_giza, st_stairs_8, uniq_grinder

Action                   |  1- 3 |  4- 6 || total
-------------------------+-------+-------++-------
Melee: Unarmed           |    56 |    15 ||    71
Invok: Berserk           |     1 |       ||     1
  Eat: Chunk             |     7 |       ||     7
